Workbook

Sheet RES
A1: GOBIERNO DEL ESTADO DE ZACATECAS
A5: LICITACIÓN No: | B5: EA-932063953-SOP016-2024
A6: PROYECTO: | B6: ADQUISICIÓN DE INSUMOS PARA LA CONSTRUCCIÓN DE CALLES CON PAVIMENTACIÓN DE CONCRETO ASFÁLTICO EN LUIS MOYA, LOCALIDADES ESTEBAN S. CASTORENA Y COLONIA HIDALGO. EN EL MUNICIPIO DE LUIS MOYA, ZACATECAS.
A7: UBICACIÓN: | B7: LUIS MOYA, ZAC.
A9: RESUMEN DEL LISTADO DE ADQUISICIÓN DE INSUMOS
A11: Código | B11: Concepto | C11: Unidad | D11: Cantidad | E11: Costo Unitario con Número | F11: Costo Unitario con Letra | G11: Importe
A14: 1.- | B14: CONSTRUCCIÓN DE CALLE CON PAVIMENTACIÓN DE CONCRETO ASFÁLTICO EN LUIS MOYA, LOCALIDAD ESTEBAN S. CASTORENA, EN CALLE 5 DE MAYO, CON 1,519.84 M2 PARA BENEFICIO DE LOS HABITANTES. | C14: LOTE | D14: 1
A15: 2.- | B15: CONSTRUCCIÓN DE CALLE CON PAVIMENTACIÓN DE CONCRETO ASFÁLTICO EN LUIS MOYA, LOCALIDAD ESTEBAN S. CASTORENA, EN CALLE DE LAS LOZAS, CON 763.48 M2 PARA BENEFICIO DE LOS HABITANTES. | C15: LOTE | D15: 1
A16: 3.- | B16: CONSTRUCCIÓN DE CALLE CON PAVIMENTACIÓN DE CONCRETO ASFÁLTICO EN LUIS MOYA, LOCALIDAD HIDALGO, EN CALLE CENTRO, CON 3398.20 M2 PARA BENEFICIO DE LOS HABITANTES. | C16: LOTE | D16: 1
A17: 4.- | B17: CONSTRUCCIÓN DE CALLE CON PAVIMENTACIÓN DE CONCRETO ASFÁLTICO EN LUIS MOYA, LOCALIDAD COLONIA MORELOS, EN CALLE MORELOS (TRAMO 1 Y 2), CON 2,165.76 M2 PARA BENEFICIO DE LOS HABITANTES. | C17: LOTE | D17: 1
F20: SUBTOTAL
F21: 16 % I.V.A.
F22: TOTAL
F23: (IMPORTE TOTAL CON LETRA)
A25: NOTA: EN PAPELERIA MEBRETADA DE LA EMPRESA Y FIRMADO POR EL REPRESENTANTE LEGAL
A26: LOS BIENES SERÁN ENTREGADOS CONFORME LO REQUIERA EL ÁREA SOLICITANTE RESPETANDO EL PERIODO SEÑALADO

Sheet PAVIMENTACIÓN
A1: GOBIERNO DEL ESTADO DE ZACATECAS
A9: PROYECTO: | B9: REHABILITACIÓN DE CALLES CON PAVIMENTACIÓN, EN LUIS MOYA, VARIAS LOCALIDADES, ASENTAMIENTOS VARIOS, EN 12 CALLES CON MEZCLA ASFÁLTICA PARA BENEFICIO DE LOS HABITANTES.
A10: UBICACIÓN: | B10: LUIS MOYA, ZAC.
A12: PRESUPUESTO DE ADQUISICIÓN DE INSUMOS
A14: Código | B14: Concepto | C14: Unidad | D14: Cantidad | E14: Costo Unitario | F14: Importe
B16: MATERIAL ASFÁLTICO
A17: MASF0003 | B17: EMULSION CATIONICA DE ROMPIMIENTO RAPIDO (ECR) , DE ACUERDO CON LA NORMA DE LA SCT N-CMT-4-05-001 VIGENTE. .(PUESTO EN EL SITIO DE LOS TRABAJOS) | C17: L | D17: =#REF! -> #REF! | E17: =+'EST. MCDO'!G22 -> 15.36 | F17: =+D17*E17 -> #REF!
A18: MASF0004 | B18: EMULSION ASFALTICA CATIONICA DE ROMPIMIENTO LENTO (ECL) DE ACUERDO CON LA NORMA DE LA SCT N-CMT-4-05-001 VIGENTE. (PUESTOS EN EL SITIO DE LOS TRABAJOS) | C18: L | D18: =+#REF! -> #REF! | E18: =+'EST. MCDO'!G23 -> 15.66 | F18: =+D18*E18 -> #REF!
A19: MASFPG64-22P | B19: ADQUISICIÓN DE CARPETA DE CONCRETO ASFALTICO CON CEMENTO ASFALTICO GRADO PG 64-22 ELABORADA EN PLANTA MEZCLA EN CALIENTE TIPO DENSA. (MEZCLA ASFÁLTICA SUELTA PUESTA EN EL SITIO DE LOS TRABAJOS). DE ACUERDO CON LA NORMA DE LA SCT N-CMT-4-05-003 VIGENTE. | C19: M3 | D19: =+#REF! -> #REF! | E19: =+'EST. MCDO'!G24 -> 3092.3 | F19: =+D19*E19 -> #REF!
B20: SUBTOTAL MATERIAL ASFÁLTICO | F20: =SUM(F17:F19) -> #REF!
B21: MATERIALES PARA SEÑALAMIENTO
A22: MPIN0001 | B22: PINTURA TRAFICO AMARILLO Y/O BLANCO, BASE AGUA, TIPO II, EN TAMBOS DE 200 LT O CUBETA DE 19 LT, DE ACUERDO A LA NORMA DE LA SICT N·CMT·5·01·001/13, PUESTA EN ALMACENES DE LA SUBSECRETARÍA DE COMUNICACIONES. | C22: L | D22: =+#REF! -> #REF! | E22: =+'EST.MCDO. PIN.'!G22 -> 137.6 | F22: =+D22*E22 -> #REF!
B23: SUBTOTAL MATERIALES PARA SEÑALAMIENTO | F23: =SUM(F22:F22) -> #REF!
E26: SUMA: | F26: =+F20+F23 -> #REF!
E27: 16 % I.V.A. | F27: =+F26*0.16 -> #REF!
E28: TOTAL | F28: =+F26+F27 -> #REF!
A43: Arq. Manuel Alfonso Acuña Borda C. Eduardo Quintero Pinedo | E43: Ing. Carlos Rodríguez Limas
A44: Subsecretario de Proyectos y Costos Director de Costos y Presupuestos | E44: Subdirector de Validación y Costos

Sheet EST. MCDO
A1: GOBIERNO DEL ESTADO DE ZACATECAS
A11: PROYECTO: | B11: =+PAVIMENTACIÓN!B9 -> REHABILITACIÓN DE CALLES CON PAVIMENTACIÓN, EN LUIS MOYA, VARIAS LOCALIDADES, ASENTAMIENTOS VARIOS, EN 12 CALLES CON MEZCLA ASFÁLTICA PARA BENEFICIO DE LOS HABITANTES.
A12: UBICACIÓN: | B12: =+#REF! -> #REF!
A15: ESTUDIO DE MERCADO
A17: Código | B17: Concepto | C17: Unidad | D17: COTIZACIONES (MAYO) | G17: PRECIO MÁXIMO DE REFERENCIA
D18: PRECIOS (NO INCLUYEN IVA)
D19: RÍO TRAC S.A DE C.V. | E19: ING. RODOLFO DORADO ÁVILA. | F19: RIVERA Y RIVERA S.A DE C.V
B21: MATERIAL ASFÁLTICO
A22: MASF0003 | B22: ADQUISICIÓN DE EMULSION CATIÓNICA DE ROMPIMIENTO RÁPIDO, DE ACUERDO CON LA NORMA DE LA SCT N-CMT-4-05-001 VIGENTE.(PUESTO EN EL SITIO DE LOS TRABAJOS) | C22: L | D22: 16.7 | E22: 13.74 | F22: 15.65 | G22: =ROUND(AVERAGE(D22:F22),2) -> 15.36
A23: MASF0004 | B23: ADQUISICIÓN DE EMULSION CATIÓNICA DE ROMPIMIENTO LENTO, DE ACUERDO CON LA NORMA DE LA SCT N-CMT-4-05-001 VIGENTE. (PUESTO EN EL SITIO DE LOS TRABAJOS) | C23: L | D23: 18 | E23: 13.74 | F23: 15.24 | G23: =ROUND(AVERAGE(D23:F23),2) -> 15.66
A24: MASFPG64-22 | B24: ADQUISICIÓN DE CARPETA DE CONCRETO ASFALTICO CON CEMENTO ASFALTICOGRADO PG 64-22 ELABORADA EN PLANTA MEZCLA EN CALIENTE TIPO DENSA. (MEZCLA ASFÁLTICA SUELTA PUESTA EN EL SITIO DE LOS TRABAJOS) DE ACUERDO CON LA NORMA DE LA SCT N-CMT-4-05-003 VIGENTE. | C24: M3 | D24: 3257.5 | E24: 2945.59 | F24: 3073.8 | G24: =ROUND(AVERAGE(D24:F24),2) -> 3092.3
B27: LAS COTIZACIONES SON UNICAMENTE REFERENCIA PARA LA ELABORACIÓN DE PRESUPUESTO BASE.
B28: PRECIOS CON VIGENCIA MENSUAL ACTUALIZÁNDOSE AL PRIMER DÍA DEL MES A TRANSCURRIR.
B29: Se anexan cotizaciones (3)

Sheet EST.MCDO. PINTURA
A1: GOBIERNO DEL ESTADO DE ZACATECAS
A11: PROYECTO: | B11: =+PAVIMENTACIÓN!B9 -> REHABILITACIÓN DE CALLES CON PAVIMENTACIÓN, EN LUIS MOYA, VARIAS LOCALIDADES, ASENTAMIENTOS VARIOS, EN 12 CALLES CON MEZCLA ASFÁLTICA PARA BENEFICIO DE LOS HABITANTES.
A12: UBICACIÓN: | B12: =+#REF! -> #REF!
A15: ESTUDIO DE MERCADO
A17: Código | B17: Concepto | C17: Unidad | D17: COTIZACIONES (MAYO) | G17: PRECIO MÁXIMO DE REFERENCIA
D18: PRECIOS (NO INCLUYEN IVA)
B21: MATERIAL PARA SEÑALIZACIÓN
A22: MPIN0001 | B22: PINTURA TRAFICO AMARILLO Y/O BLANCO, BASE AGUA, TIPO II, EN CUBETA DE 19 LT, DE ACUERDO A LA NORMA DE LA SICT N·CMT·5·01·001/13, PUESTA EN ALMACENES DE LA SUBSECRETARÍA DE COMUNICACIONES. | C22: L | D22: 115 | E22: 125 | F22: 140 | G22: =ROUND(AVERAGE(D22:F22),2) -> 126.67
B27: LAS COTIZACIONES SON UNICAMENTE REFERENCIA PARA LA ELABORACIÓN DE PRESUPUESTO BASE.
B28: Se anexan cotizaciones (3)

Sheet EST.MCDO. PIN.
A1: GOBIERNO DEL ESTADO DE ZACATECAS
A11: PROYECTO: | B11: =+PAVIMENTACIÓN!B9 -> REHABILITACIÓN DE CALLES CON PAVIMENTACIÓN, EN LUIS MOYA, VARIAS LOCALIDADES, ASENTAMIENTOS VARIOS, EN 12 CALLES CON MEZCLA ASFÁLTICA PARA BENEFICIO DE LOS HABITANTES.
A12: UBICACIÓN: | B12: =PAVIMENTACIÓN!B10 -> LUIS MOYA, ZAC.
A15: ESTUDIO DE MERCADO
A17: Código | B17: Concepto | C17: Unidad | D17: COTIZACIONES (MAYO) | G17: PRECIO MÁXIMO DE REFERENCIA
D18: PRECIOS (NO INCLUYEN IVA)
D19: EFORSA S.A DE C.V. | E19: CASLOP. DISEÑO, ARTE Y CONSTRUCCIÓN S.A DE C.V | F19: SEÑAMEX
B21: MATERIAL PARA SEÑALIZACIÓN
A22: MPIN0001 | B22: PINTURA TRAFICO AMARILLO Y/O BLANCO, BASE AGUA, TIPO II, EN CUBETA DE 19 LT, DE ACUERDO A LA NORMA DE LA SICT N·CMT·5·01·001/13, PUESTA EN ALMACENES DE LA SUBSECRETARÍA DE COMUNICACIONES. | C22: L | D22: 141.89 | E22: 145.79 | F22: 125.11 | G22: =ROUND(AVERAGE(D22:F22),2) -> 137.6
B26: LAS COTIZACIONES SON UNICAMENTE REFERENCIA PARA LA ELABORACIÓN DE PRESUPUESTO BASE.
B27: LAS COTIZACIONES SON UNICAMENTE REFERENCIA PARA LA ELABORACIÓN DE PRESUPUESTO BASE.
B28: Se anexan cotizaciones (3)

Sheet 01. 5 MAYO
A1: GOBIERNO DEL ESTADO DE ZACATECAS
A8: LICITACIÓN No: | B8: EA-932063953-SOP016-2024
A9: PROYECTO: | B9: ADQUISICIÓN DE INSUMOS PARA LA CONSTRUCCIÓN DE CALLES CON PAVIMENTACIÓN DE CONCRETO ASFÁLTICO EN LUIS MOYA, LOCALIDADES ESTEBAN S. CASTORENA Y COLONIA HIDALGO. EN EL MUNICIPIO DE LUIS MOYA, ZACATECAS.
A10: UBICACIÓN: | B10: LUIS MOYA, ZAC.
A12: PRESUPUESTO DE ADQUISICIÓN DE INSUMOS
A14: Código | B14: Concepto | C14: Unidad | D14: Cantidad | E14: Costo con Número | F14: Costo con letra | G14: Importe
B16: CONSTRUCCIÓN DE CALLE CON PAVIMENTACIÓN DE CONCRETO ASFÁLTICO EN LUIS MOYA, LOCALIDAD ESTEBAN S. CASTORENA, EN CALLE 5 DE MAYO, CON 1,519.84 M2 PARA BENEFICIO DE LOS HABITANTES.
B19: MATERIAL ASFÁLTICO
A20: MASF0003 | B20: EMULSION CATIONICA DE ROMPIMIENTO RAPIDO (ECR) , DE ACUERDO CON LA NORMA DE LA SCT N-CMT-4-05-001 VIGENTE. (PUESTOS EN EL SITIO DE LOS TRABAJOS) | C20: L | D20: 1519.84
A21: MASF0004 | B21: EMULSION ASFALTICA CATIONICA DE ROMPIMIENTO LENTO (ECL) DE ACUERDO CON LA NORMA DE LA SCT N-CMT-4-05-001 VIGENTE. (PUESTOS EN EL SITIO DE LOS TRABAJOS) | C21: L | D21: 2583.73
A22: MASFPG64-22P | B22: ADQUISICIÓN DE CARPETA DE CONCRETO ASFALTICO CON CEMENTO ASFALTICO GRADO PG 64-22 ELABORADA EN PLANTA MEZCLA EN CALIENTE TIPO DENSA. (MEZCLA ASFÁLTICA SUELTA PUESTA EN EL SITIO DE LOS TRABAJOS). DE ACUERDO CON LA NORMA DE LA SCT N-CMT-4-05-003 VIGENTE. | C22: M3 | D22: 94.99
B23: SUBTOTAL MATERIAL ASFÁLTICO | G23: =SUM(G22:G22) -> 0
B24: MATERIALES PARA SEÑALAMIENTO
A25: MPIN0001 | B25: PINTURA TRAFICO AMARILLO Y/O BLANCO, BASE AGUA, TIPO II, EN CUBETA DE 19 LT, DE ACUERDO A LA NORMA DE LA SICT N·CMT·5·01·001/13, PUESTA EN ALMACENES DE LA SUBSECRETARÍA DE COMUNICACIONES. | C25: L | D25: 51
B26: SUBTOTAL MATERIALES PARA SEÑALAMIENTO | G26: =SUM(G25:G25) -> 0
F28: SUMA: | G28: =+G23+G26 -> 0
F29: 16 % I.V.A. | G29: =+ROUND(G28*0.16,2) -> 0
F30: TOTAL | G30: =+G28+G29 -> 0

Sheet 02. LOZ
A1: GOBIERNO DEL ESTADO DE ZACATECAS
A8: LICITACIÓN No: | B8: EA-932063953-SOP016-2024
A9: PROYECTO: | B9: ADQUISICIÓN DE INSUMOS PARA LA CONSTRUCCIÓN DE CALLES CON PAVIMENTACIÓN DE CONCRETO ASFÁLTICO EN LUIS MOYA, LOCALIDADES ESTEBAN S. CASTORENA Y COLONIA HIDALGO. EN EL MUNICIPIO DE LUIS MOYA, ZACATECAS.
A10: UBICACIÓN: | B10: LUIS MOYA, ZAC.
A12: PRESUPUESTO DE ADQUISICIÓN DE INSUMOS
A14: Código | B14: Concepto | C14: Unidad | D14: Cantidad | E14: Costo con Número | F14: Costo con letra | G14: Importe
B16: CONSTRUCCIÓN DE CALLE CON PAVIMENTACIÓN DE CONCRETO ASFÁLTICO EN LUIS MOYA, LOCALIDAD ESTEBAN S. CASTORENA, EN CALLE DE LAS LOZAS, CON 763.48 M2 PARA BENEFICIO DE LOS HABITANTES.
B19: MATERIAL ASFÁLTICO
A20: MASF0003 | B20: EMULSION CATIONICA DE ROMPIMIENTO RAPIDO (ECR) , DE ACUERDO CON LA NORMA DE LA SCT N-CMT-4-05-001 VIGENTE. (PUESTOS EN EL SITIO DE LOS TRABAJOS) | C20: L | D20: 763.47888
A21: MASF0004 | B21: EMULSION ASFALTICA CATIONICA DE ROMPIMIENTO LENTO (ECL) DE ACUERDO CON LA NORMA DE LA SCT N-CMT-4-05-001 VIGENTE. (PUESTOS EN EL SITIO DE LOS TRABAJOS) | C21: L | D21: 1298
A22: MASFPG64-22P | B22: ADQUISICIÓN DE CARPETA DE CONCRETO ASFALTICO CON CEMENTO ASFALTICO GRADO PG 64-22 ELABORADA EN PLANTA MEZCLA EN CALIENTE TIPO DENSA. (MEZCLA ASFÁLTICA SUELTA PUESTA EN EL SITIO DE LOS TRABAJOS). DE ACUERDO CON LA NORMA DE LA SCT N-CMT-4-05-003 VIGENTE. | C22: M3 | D22: 47.72
B23: SUBTOTAL MATERIAL ASFÁLTICO | G23: =SUM(G20:G22) -> 0
B24: MATERIALES PARA SEÑALAMIENTO
A25: MPIN0001 | B25: PINTURA TRAFICO AMARILLO Y/O BLANCO, BASE AGUA, TIPO II, EN CUBETA DE 19 LT, DE ACUERDO A LA NORMA DE LA SICT N·CMT·5·01·001/13, PUESTA EN ALMACENES DE LA SUBSECRETARÍA DE COMUNICACIONES. | C25: L | D25: 22
B26: SUBTOTAL MATERIALES PARA SEÑALAMIENTO | G26: =SUM(G25:G25) -> 0
F28: SUMA: | G28: =+G23+G26 -> 0
F29: 16 % I.V.A. | G29: =+ROUND(G28*0.16,2) -> 0
F30: TOTAL | G30: =+G28+G29 -> 0

Sheet 03.CENT
A1: GOBIERNO DEL ESTADO DE ZACATECAS
A8: LICITACIÓN No: | B8: EA-932063953-SOP016-2024
A9: PROYECTO: | B9: ADQUISICIÓN DE INSUMOS PARA LA CONSTRUCCIÓN DE CALLES CON PAVIMENTACIÓN DE CONCRETO ASFÁLTICO EN LUIS MOYA, LOCALIDADES ESTEBAN S. CASTORENA Y COLONIA HIDALGO. EN EL MUNICIPIO DE LUIS MOYA, ZACATECAS.
A10: UBICACIÓN: | B10: LUIS MOYA, ZAC.
A12: PRESUPUESTO DE ADQUISICIÓN DE INSUMOS
A14: Código | B14: Concepto | C14: Unidad | D14: Cantidad | E14: Costo con Número | F14: Costo con letra | G14: Importe
B16: CONSTRUCCIÓN DE CALLE CON PAVIMENTACIÓN DE CONCRETO ASFÁLTICO EN LUIS MOYA, LOCALIDAD HIDALGO, EN CALLE CENTRO, CON 3398.20 M2 PARA BENEFICIO DE LOS HABITANTES.
B19: MATERIAL ASFÁLTICO
A20: MASF0003 | B20: EMULSION CATIONICA DE ROMPIMIENTO RAPIDO (ECR) , DE ACUERDO CON LA NORMA DE LA SCT N-CMT-4-05-001 VIGENTE. (PUESTOS EN EL SITIO DE LOS TRABAJOS) | C20: L | D20: 3398.2
A21: MASF0004 | B21: EMULSION ASFALTICA CATIONICA DE ROMPIMIENTO LENTO (ECL) DE ACUERDO CON LA NORMA DE LA SCT N-CMT-4-05-001 VIGENTE. (PUESTOS EN EL SITIO DE LOS TRABAJOS) | C21: L | D21: 5776.94
A22: MASFPG64-22P | B22: ADQUISICIÓN DE CARPETA DE CONCRETO ASFALTICO CON CEMENTO ASFALTICO GRADO PG 64-22 ELABORADA EN PLANTA MEZCLA EN CALIENTE TIPO DENSA. (MEZCLA ASFÁLTICA SUELTA PUESTA EN EL SITIO DE LOS TRABAJOS). DE ACUERDO CON LA NORMA DE LA SCT N-CMT-4-05-003 VIGENTE. | C22: M3 | D22: 212.39
B23: SUBTOTAL MATERIAL ASFÁLTICO | G23: =SUM(G20:G22) -> 0
B24: MATERIALES PARA SEÑALAMIENTO
A25: MPIN0001 | B25: PINTURA TRAFICO AMARILLO Y/O BLANCO, BASE AGUA, TIPO II, EN TAMBOS DE 200 LT O CUBETA DE 19 LT, DE ACUERDO A LA NORMA DE LA SICT N·CMT·5·01·001/13, PUESTA EN ALMACENES DE LA SUBSECRETARÍA DE COMUNICACIONES. | C25: L | D25: 88
B26: SUBTOTAL MATERIALES PARA SEÑALAMIENTO | G26: =SUM(G25:G25) -> 0
F28: SUMA: | G28: =+G23+G26 -> 0
F29: 16 % I.V.A. | G29: =+ROUND(G28*0.16,2) -> 0
F30: TOTAL | G30: =+G28+G29 -> 0

Sheet 04. MOR TRA 1 y 2
A1: GOBIERNO DEL ESTADO DE ZACATECAS
A8: LICITACIÓN No: | B8: EA-932063953-SOP016-2024
A9: PROYECTO: | B9: ADQUISICIÓN DE INSUMOS PARA LA CONSTRUCCIÓN DE CALLES CON PAVIMENTACIÓN DE CONCRETO ASFÁLTICO EN LUIS MOYA, LOCALIDADES ESTEBAN S. CASTORENA Y COLONIA HIDALGO. EN EL MUNICIPIO DE LUIS MOYA, ZACATECAS.
A10: UBICACIÓN: | B10: LUIS MOYA, ZAC.
A12: PRESUPUESTO DE ADQUISICIÓN DE INSUMOS
A14: Código | B14: Concepto | C14: Unidad | D14: Cantidad | E14: Costo con Número | F14: Costo con letra | G14: Importe
B16: CONSTRUCCIÓN DE CALLE CON PAVIMENTACIÓN DE CONCRETO ASFÁLTICO EN LUIS MOYA, LOCALIDAD COLONIA MORELOS, EN CALLE MORELOS (TRAMO 1 Y 2), CON 2,165.76 M2 PARA BENEFICIO DE LOS HABITANTES.
B19: MATERIAL ASFÁLTICO
A20: MASF0003 | B20: EMULSION CATIONICA DE ROMPIMIENTO RAPIDO (ECR) , DE ACUERDO CON LA NORMA DE LA SCT N-CMT-4-05-001 VIGENTE. (PUESTOS EN EL SITIO DE LOS TRABAJOS) | C20: L | D20: 2165.76
A21: MASF0004 | B21: EMULSION ASFALTICA CATIONICA DE ROMPIMIENTO LENTO (ECL) DE ACUERDO CON LA NORMA DE LA SCT N-CMT-4-05-001 VIGENTE. (PUESTOS EN EL SITIO DE LOS TRABAJOS) | C21: L | D21: 3681.79
A22: MASFPG64-22P | B22: ADQUISICIÓN DE CARPETA DE CONCRETO ASFALTICO CON CEMENTO ASFALTICO GRADO PG 64-22 ELABORADA EN PLANTA MEZCLA EN CALIENTE TIPO DENSA. (MEZCLA ASFÁLTICA SUELTA PUESTA EN EL SITIO DE LOS TRABAJOS). DE ACUERDO CON LA NORMA DE LA SCT N-CMT-4-05-003 VIGENTE. | C22: M3 | D22: 135.36
B23: SUBTOTAL MATERIAL ASFÁLTICO | G23: =SUM(G20:G22) -> 0
B24: MATERIALES PARA SEÑALAMIENTO
A25: MPIN0001 | B25: PINTURA TRAFICO AMARILLO Y/O BLANCO, BASE AGUA, TIPO II, EN TAMBOS DE 200 LT O CUBETA DE 19 LT, DE ACUERDO A LA NORMA DE LA SICT N·CMT·5·01·001/13, PUESTA EN ALMACENES DE LA SUBSECRETARÍA DE COMUNICACIONES. | C25: L | D25: 93
B26: SUBTOTAL MATERIALES PARA SEÑALAMIENTO | G26: =SUM(G25:G25) -> 0
F28: SUMA: | G28: =+G23+G26 -> 0
F29: 16 % I.V.A. | G29: =+ROUND(G28*0.16,2) -> 0
F30: TOTAL | G30: =+G28+G29 -> 0
